 Dungeon Crawl Stone Soup version 0.20.0-8-g6b59dc7 (webtiles) character file.

854 mopl the Firebug (level 7, -1/36 HPs)
             Began as a Deep Elf Fire Elementalist on May 30, 2017.
             Was an Initiate of Vehumet.
             Slain by a centaur
             ... wielding a cursed -3 shortbow
              (5 damage)
             ... on level 5 of the Dungeon.
             The game lasted 00:07:26 (3373 turns).

mopl the Firebug (Deep Elf Fire Elementalist)       Turns: 3373, Time: 00:07:26

Health: -1/36      AC:  2    Str:  5    XL:     7   Next: 70%
Magic:  11/17      EV: 13    Int: 22    God:    Vehumet [......]
Gold:   216        SH:  0    Dex: 15    Spells: 4/17 levels left

rFire    . . .     SeeInvis .   (no weapon)
rCold    + . .     Gourm    .   (no shield)
rNeg     . . .     Faith    .   a - +0 robe
rPois    .         Spirit   .   (no helmet)
rElec    .         Reflect  .   (no cloak)
rCorr    +         Harm     .   (no gloves)
MR       .....                  (no boots)
Stlth    ++........             g - amulet of magic regeneration
Regen    0.2/turn               n - ring of resist corrosion
MPRegen  0.3/turn               t - ring of protection from cold

@: no status effects
A: no striking features
a: Renounce Religion


You were on level 5 of the Dungeon.
You worshipped Vehumet.
Vehumet was noncommittal.
You were hungry.

You visited 2 branches of the dungeon, and saw 7 of its levels.

You collected 216 gold pieces.

Inventory:

Missiles
 f - 3 needles of confusion
 s - 7 curare-tipped needles
Armour
 a - a +0 robe (worn)
Jewellery
 g - an amulet of magic regeneration (around neck)
 n - a ring of resist corrosion (left hand)
 t - a ring of protection from cold (right hand)
Wands
 p - a wand of disintegration (0/24)
 r - a wand of flame (42/48)
 u - a wand of scattershot (3/9)
Scrolls
 d - a scroll of amnesia {unknown}
 e - a scroll of recharging {unknown}
 h - a scroll of magic mapping {unknown}
 j - a scroll of enchant weapon {unknown}
 w - a scroll of enchant armour {unknown}
 y - a scroll of noise {unknown}
Potions
 i - 2 potions of curing
 l - a potion of brilliance
 m - a potion of flight {unknown}
 o - a potion of haste {unknown}
 q - a potion of magic {unknown}
 x - a potion of lignification {unknown}
 z - a potion of heal wounds {unknown}
Books
 b - a book of Flames

   Spells                             Type                      Level
   a - Flame Tongue                   Conjuration/Fire             1
   b - Throw Flame                    Conjuration/Fire             2
   c - Conjure Flame                  Conjuration/Fire             3
   d - Inner Flame                    Hexes/Fire                   3
   e - Sticky Flame                   Conjuration/Fire             4
   f - Fireball                       Conjuration/Fire             5
Comestibles
 c - 2 bread rations
 k - 4 fruits
 v - a meat ration
 A - 2 chunks of flesh


   Skills:
 - Level 2.4 Dodging
 - Level 2.4 Stealth
 + Level 5.7 Spellcasting
 * Level 6.2 Conjurations
 * Level 6.8 Fire Magic


You had 4 spell levels left.
You knew the following spells:

 Your Spells              Type           Power        Failure   Level  Hunger
a - Flame Tongue          Conj/Fire      #####        1%          1    None
c - Conjure Flame         Conj/Fire      #####...     1%          3    ##.....
d - Sticky Flame          Conj/Fire      #####...     6%          4    ####...
f - Fireball              Conj/Fire      #####.....   17%         5    #####..


Dungeon Overview and Level Annotations

Branches:
Dungeon (6/15)             Temple (1/1) D:5

Altars:
Cheibriados
Kikubaaqudgha
Makhleb
Okawaru
Qazlal
Vehumet
Xom
Yredelemnul
Zin


Message History

Unknown command.
Casting: Flame Tongue
Confirm with . or Enter, or press ? or * to list all spells.
Aiming: Sticky Flame
Press: ? - help, Shift-Dir - straight line, f/p - hound
Aim: a hound (lightly wounded)
The sticky flame hits the hound.
The hound is moderately wounded.
The hound is covered in liquid flames!
The hound burns!
The hound bites you. x2
Some of the chunks of flesh in your inventory have rotted away.
The hound burns!
The hound bites you.
The hound burns!
The hound barely misses you. The hound bites you.
The hound burns!
You kill the hound!
Vehumet accepts your kill.
The centaur wields a shortbow.
The centaur shoots an arrow.
The arrow barely misses you.
The centaur shoots an arrow.
The arrow hits you!
* * * LOW HITPOINT WARNING * * *
The centaur hits you with a shortbow.
You die...

.. .### ..## ... ...#
.# #.# ..# #.# ...
.....# #.#.#.# #..
#.#.# #.#.#.# .. ...#
#.#.#.# #.##.###
#.#.#.# #.c@(..#
#.#.#.# # #....#.#.#
#.#.#.#.#.#
##...#.#.###.#.#<.....
#...#...........#####
.....####..###.#.#
...... .........#.#
.#.....####..###.#.#
...... ..... .....
........#.#


You could see a centaur.

Vanquished Creatures
  A hippogriff (D:4)
  An orc warrior (D:6)
  An ogre (D:5)
  A howler monkey (D:5)
  A crimson imp (Temple)
  3 hounds
  A centaur skeleton (D:4)
  A bullfrog skeleton (D:4)
  3 orc wizards
  A worker ant (D:4)
  Ijyb (D:3)
  A hound skeleton (D:4)
  3 gnolls (D:2)
  3 adders
  An adder zombie (D:4)
  3 worms
  2 dart slugs
  A leopard gecko (D:2)
  3 orcs
  2 giant cockroaches (D:2)
  7 goblins
  8 hobgoblins
  8 jackals
  4 kobolds
  2 bats
  3 frilled lizards
  A leopard gecko skeleton (D:4)
  11 rats
78 creatures vanquished.

Notes
Turn   | Place    | Note
-------+----------+-------------------------------------------
     0 | D:1      | mopl the Deep Elf Fire Elementalist began the quest for the Orb.
     0 | D:1      | Reached XP level 1. HP: 10/10 MP: 6/6
   198 | D:1      | Reached XP level 2. HP: 15/15 MP: 1/8
   297 | D:1      | Reached skill level 2 in Conjurations
   804 | D:2      | Found a burning altar of Makhleb.
   909 | D:2      | Reached XP level 3. HP: 19/19 MP: 7/9
   938 | D:2      | Learned a level 3 spell: Conjure Flame
   999 | D:2      | Reached skill level 4 in Fire Magic
  1048 | D:2      | Reached XP level 4. HP: 15/24 MP: 3/11
  1056 | D:2      | Reached skill level 3 in Conjurations
  1062 | D:2      | Learned a level 4 spell: Sticky Flame
  1573 | D:3      | Found a snail-covered altar of Cheibriados.
  1576 | D:3      | Noticed Ijyb
  1586 | D:3      | Killed Ijyb
  2046 | D:4      | Reached skill level 4 in Spellcasting
  2046 | D:4      | Reached XP level 5. HP: 28/28 MP: 8/13
  2053 | D:4      | Reached skill level 4 in Conjurations
  2177 | D:4      | Reached skill level 5 in Fire Magic
  2189 | D:4      | Noticed a hippogriff
  2191 | D:4      | You fall through a shaft for 2 floors!
  2194 | D:6      | Noticed an orc warrior
  2215 | D:6      | Killed an orc warrior
  2215 | D:6      | Reached XP level 6. HP: 32/32 MP: 4/14
  2226 | D:6      | Noticed an ice beast
  2275 | D:5      | Entered Level 5 of the Dungeon
  2287 | D:5      | Reached skill level 5 in Conjurations
  2314 | D:5      | Found a staircase to the Ecumenical Temple.
  2324 | Temple   | Entered the Ecumenical Temple
  2343 | Temple   | Became a worshipper of Vehumet
  2346 | Temple   | Reached skill level 5 in Spellcasting
  2367 | D:5      | Reached skill level 6 in Fire Magic
  2367 | D:5      | Reached XP level 7. HP: 25/36 MP: 11/16
  3098 | D:4      | Killed a hippogriff
  3149 | D:4      | Learned a level 5 spell: Fireball
  3183 | D:4      | Reached skill level 6 in Conjurations
  3373 | D:5      | Slain by a centaur

Skill      XL: |  1  2  3  4  5  6  7 |
---------------+----------------------+-----
Conjurations   | 2 3 4 5 6 |  6.2
Fire Magic     | 4 5 6 |  6.8
Spellcasting   | 4 5 |  5.7
Dodging        | |  2.4
Stealth        | |  2.4

Action                   |  1- 3 |  4- 6 |  7- 9 || total
-------------------------+-------+-------+-------++-------
Melee: Unarmed           |     3 |       |     1 ||     4
 Cast: Flame Tongue      |    64 |    57 |    16 ||   137
       Sticky Flame      |       |     8 |     4 ||    12
       Conjure Flame     |       |     2 |     3 ||     5
Evoke: Wand              |       |     3 |       ||     3
  Use: Scroll            |       |     1 |     2 ||     3
       Potion            |       |     1 |       ||     1
  Eat: Chunk             |       |     5 |     1 ||     6
       Fruit             |       |       |     3 ||     3
Armor: Robe              |     5 |     3 |     1 ||     9
Dodge: Dodged            |    21 |    15 |    17 ||    53
